[Event "EYCC 2017"]
[Site "Mamaia"]
[Date "2017.09.08"]
[Round "4"]
[White "Henderson de La Fuente, Lance"]
[Black "Ognean, Mihnea-Ionut"]
[Result "1-0"]
[ECO "B33"]
[WhiteElo "2408"]
[BlackElo "2166"]
[Annotator "NA"]
[PlyCount "83"]
[EventDate "2017.??.??"]
[EventType "swiss"]
[EventCountry "ROU"]
[SourceTitle "playchess.com"]
[Source "ChessBase"]
[SourceQuality "1"]
[TimeControl "40/5400+30:1800+30"]

1. e4 c5 2. Nf3 Nc6 3. d4 cxd4 4. Nxd4 Nf6 5. Nc3 e5 6. Ndb5 d6 7. Bg5 a6 8. Na3 b5 9. Nd5 Be7 10. Bxf6 Bxf6 11. c3 Bg5 12. Nc2 Rb8 13. a4 bxa4 14. Ncb4 Nxb4 15. cxb4 Bd7 16. Bxa6 O-O 17. O-O Kh8 18. Bc4 f5 19. exf5 Rxf5 20. Qd3 Bh6 21. b5 Qh4 22. Rxa4 Rbf8 23. Bb3 Bf4 24. h3 Rg5 25. Kh1 Qh6 26. Rfa1 Bxh3 27. Qxh3 Rh5 28. Nxf4 exf4 29. Ra8 Rxh3+ 30. gxh3 Qxh3+ 31. Kg1 Qg4+ 32. Kf1 Qh3+ 33. Kg1 Qg4+ 34. Kf1 Qh3+ 35. Ke2 f3+ 36. Kd2 Qh6+ 37. Kd1 g5 38. b6 Qf6 39. Rxf8+ Qxf8 40. b7 Kg7 41. Ra8 Qf5 42. b8=Q 1-0

[Event "EYCC 2017"]
[Site "Mamaia"]
[Date "2017.09.08"]
[Round "4"]
[White "Haria, Ravi"]
[Black "Sevgi, Volkan"]
[Result "1/2-1/2"]
[ECO "A05"]
[WhiteElo "2398"]
[BlackElo "2240"]
[Annotator "NA"]
[PlyCount "126"]
[EventDate "2017.??.??"]
[EventType "swiss"]
[EventCountry "ROU"]
[SourceTitle "playchess.com"]
[Source "ChessBase"]
[SourceQuality "1"]
[TimeControl "40/5400+30:1800+30"]

1. Nf3 Nf6 2. g3 b6 3. Bg2 Bb7 4. c4 e6 5. O-O Be7 6. b3 O-O 7. Bb2 d5 8. e3 c5 9. Qe2 Nc6 10. d3 Qc7 11. Nc3 Rad8 12. Rad1 a6 13. Ne1 Rfe8 14. g4 d4 15. Ne4 Nxe4 16. Bxe4 f5 17. Bg2 Bd6 18. h3 fxg4 19. Qxg4 Ne5 20. Qh5 Rf8 21. f4 Ng6 22. f5 dxe3 23. Bxb7 Nf4 24. Rxf4 Bxf4 25. Be4 g6 26. Qe2 gxf5 27. Qg2+ Bg3 28. Bf3 Kf7 29. Bh5+ Ke7 30. Nf3 Rg8 31. Kf1 Bf4 32. Qh1 Rg3 33. Bc3 Rdg8 34. Be1 R3g7 35. d4 Bg3 36. d5 Qf4 37. d6+ Kd8 38. Bc3 Qe4 39. Bf6+ Kc8 40. Qg2 Rd7 41. Be7 Rg7 42. Ne1 Qf4+ 43. Ke2 Kb8 44. Qf3 Qe5 45. Qxe3 Qb2+ 46. Qd2 Qe5+ 47. Qe3 Qb2+ 48. Rd2 Qb1 49. Ng2 Bxd6 50. Bxd6+ Rxd6 51. Bf3 Rxd2+ 52. Qxd2 Kc7 53. Nf4 Re7 54. Qc3 Qg1 55. Qe5+ Kd7 56. Qb8 Qd4 57. Nd3 e5 58. Qxb6 e4 59. Nxc5+ Kc8 60. Qxa6+ Kc7 61. Ne6+ Rxe6 62. Qxe6 Qd3+ 63. Ke1 Qxf3 1/2-1/2

[Event "EYCC 2017"]
[Site "Mamaia"]
[Date "2017.09.08"]
[Round "4"]
[White "Tica, Sven"]
[Black "Akhvlediani, Irakli"]
[Result "1/2-1/2"]
[ECO "A45"]
[WhiteElo "2389"]
[BlackElo "2303"]
[Annotator "NA"]
[PlyCount "82"]
[EventDate "2017.??.??"]
[EventType "swiss"]
[EventCountry "ROU"]
[SourceTitle "playchess.com"]
[Source "ChessBase"]
[SourceQuality "1"]
[TimeControl "40/5400+30:1800+30"]

1. d4 Nf6 2. g3 g6 3. Bg2 Bg7 4. Nf3 O-O 5. O-O d6 6. b3 c5 7. c4 e5 8. dxe5 dxe5 9. Bb2 e4 10. Ng5 Qe7 11. f3 exf3 12. Nxf3 Nc6 13. Nc3 Rd8 14. Qc1 Bf5 15. Nh4 Bg4 16. Qf4 Nd4 17. e4 Be6 18. Rae1 Nc2 19. Re2 Nd4 20. Ree1 Nc2 21. Re2 Nh5 22. Qc1 Bd4+ 23. Kh1 Nb4 24. Rd2 Nc6 25. Nf3 Qd7 26. Nxd4 cxd4 27. Nb5 Bh3 28. Nxd4 Bxg2+ 29. Kxg2 Qg4 30. Qe1 Nxd4 31. Bxd4 Re8 32. e5 Rad8 33. Bxa7 Rxd2+ 34. Qxd2 Qe4+ 35. Rf3 Rxe5 36. Qd8+ Kg7 37. Bd4 Qe2+ 38. Rf2 Nf4+ 39. gxf4 Qg4+ 40. Kf1 Qd1+ 41. Kg2 Qg4+ 1/2-1/2

[Event "EYCC 2017"]
[Site "Mamaia"]
[Date "2017.09.08"]
[Round "4"]
[White "Kharitonov, Egor"]
[Black "Valtemara, Mattia Angelo"]
[Result "1-0"]
[ECO "D11"]
[WhiteElo "2387"]
[BlackElo "1910"]
[Annotator "NA"]
[PlyCount "107"]
[EventDate "2017.??.??"]
[EventType "swiss"]
[EventCountry "ROU"]
[SourceTitle "playchess.com"]
[Source "ChessBase"]
[SourceQuality "1"]
[TimeControl "40/5400+30:1800+30"]

1. d4 d5 2. c4 c6 3. Nf3 Nf6 4. Qc2 g6 5. Bf4 Bf5 6. Qc1 Bg7 7. e3 Nbd7 8. Nc3 O-O 9. h3 h5 10. Be2 dxc4 11. Bxc4 c5 12. O-O Nb6 13. Bb3 cxd4 14. Nxd4 Qc8 15. Nxf5 Qxf5 16. Rd1 e5 17. Bg3 Rfd8 18. Rd2 Rac8 19. Qd1 Rxd2 20. Qxd2 Ne4 21. Nxe4 Qxe4 22. Rd1 Qc6 23. Qa5 Qc7 24. e4 Bf6 25. h4 Kg7 26. Rd3 Nc4 27. Qxa7 Nxb2 28. Rf3 b5 29. Qa6 Qc6 30. Qa3 Nc4 31. Qb4 Nd6 32. Bd5 Qc5 33. Qa5 Qc7 34. Qa6 Qc5 35. Kh2 Qc7 36. Bxf7 Qc6 37. Qxc6 Rxc6 38. Bd5 Ra6 39. Rc3 Nc4 40. Rb3 Ra5 41. f3 Nd2 42. Rc3 Nc4 43. Rc2 Kh6 44. Bf2 Be7 45. Kg3 g5 46. Kh3 Ra6 47. Bb7 Ra4 48. Bc6 Rb4 49. Bxb5 Rxb5 50. Rxc4 Rb2 51. Be3 Rxa2 52. Rc6+ Kg7 53. Bxg5 Bxg5 54. hxg5 1-0

[Event "EYCC 2017"]
[Site "Mamaia"]
[Date "2017.09.08"]
[Round "4"]
[White "Balajayeva, Khanim"]
[Black "Hrib, Andrada-Ioana"]
[Result "1-0"]
[ECO "C02"]
[WhiteElo "2342"]
[BlackElo "1759"]
[Annotator "NA"]
[PlyCount "93"]
[EventDate "2017.??.??"]
[EventType "swiss"]
[EventCountry "ROU"]
[SourceTitle "playchess.com"]
[Source "ChessBase"]
[SourceQuality "1"]
[TimeControl "40/5400+30:1800+30"]

1. e4 e6 2. d4 d5 3. e5 c5 4. c3 Nc6 5. Nf3 Bd7 6. Na3 Nge7 7. Bg5 a6 8. Nc2 h6 9. Bd2 cxd4 10. cxd4 Qb6 11. Bd3 Na5 12. Bxa5 Qxa5+ 13. Qd2 Qxd2+ 14. Kxd2 Nc6 15. Rac1 Rc8 16. Na1 Bb4+ 17. Ke3 Ba5 18. Nb3 Bb6 19. Nc5 Rc7 20. a3 Ke7 21. b4 Rhc8 22. Rc2 a5 23. Nxd7 Kxd7 24. b5 Ne7 25. Rhc1 Rxc2 26. Rxc2 Rxc2 27. Bxc2 Nc8 28. Nd2 Bd8 29. Nb3 b6 30. f4 g6 31. g4 Ne7 32. Nd2 Ng8 33. Nf1 Be7 34. a4 Ba3 35. Ng3 Bc1+ 36. Kf3 Bb2 37. Ne2 Ba3 38. f5 gxf5 39. gxf5 Ne7 40. f6 Ng6 41. Kg4 Bb2 42. Bxg6 fxg6 43. Nf4 Bxd4 44. f7 Bc5 45. Nxg6 d4 46. f8=Q Bxf8 47. Nxf8+ 1-0

[Event "EYCC 2017"]
[Site "Mamaia"]
[Date "2017.09.08"]
[Round "4"]
[White "Travadon, Loic"]
[Black "Trimitzios, Petros"]
[Result "0-1"]
[ECO "C65"]
[WhiteElo "2342"]
[BlackElo "2191"]
[Annotator "NA"]
[PlyCount "118"]
[EventDate "2017.??.??"]
[EventType "swiss"]
[EventCountry "ROU"]
[SourceTitle "playchess.com"]
[Source "ChessBase"]
[SourceQuality "1"]
[TimeControl "40/5400+30:1800+30"]

1. e4 e5 2. Nf3 Nc6 3. Bb5 Nf6 4. d3 Bc5 5. Nc3 O-O 6. Bg5 a6 7. Ba4 b5 8. Bb3 Be7 9. O-O d6 10. Re1 Be6 11. Nd5 Nxd5 12. exd5 Bg4 13. Bxe7 Nxe7 14. h3 Bxf3 15. Qxf3 Ng6 16. a4 f5 17. axb5 axb5 18. Rxa8 Qxa8 19. Qg3 Qa5 20. c3 b4 21. c4 Rf6 22. d4 Qa7 23. dxe5 Nxe5 24. Qe3 Qxe3 25. Rxe3 Rf8 26. c5 Kf7 27. c6 Ra8 28. f4 Ng6 29. g3 Ne7 30. Kf2 Ng8 31. Bd1 Ra5 32. Bf3 Nf6 33. Rd3 Rc5 34. Ke3 Ke7 35. Kd4 Rc2 36. Re3+ Kd8 37. Re2 Rc1 38. g4 Rd1+ 39. Kc4 fxg4 40. hxg4 Rf1 41. Re3 Nxg4 42. Bxg4 Rxf4+ 43. Kb5 Rxg4 44. Rf3 Re4 45. Ka6 Ke8 46. Kb7 Re7 47. Rf4 g5 48. Rxb4 h5 49. Ra4 g4 50. Ra8+ Kf7 51. Rh8 Kg6 52. b4 Rg7 53. Re8 g3 54. b5 g2 55. Re1 h4 56. b6 cxb6+ 57. c7 h3 58. Rg1 Kf6 59. Kxb6 Rxc7 0-1

[Event "EYCC 2017"]
[Site "Mamaia"]
[Date "2017.09.08"]
[Round "4"]
[White "Zachary, Matheo"]
[Black "Makarian, Rudik"]
[Result "0-1"]
[ECO "B47"]
[WhiteElo "2325"]
[BlackElo "2146"]
[Annotator "NA"]
[PlyCount "102"]
[EventDate "2017.??.??"]
[EventType "swiss"]
[EventCountry "ROU"]
[SourceTitle "playchess.com"]
[Source "ChessBase"]
[SourceQuality "1"]
[TimeControl "40/5400+30:1800+30"]

1. e4 c5 2. Nf3 e6 3. d4 cxd4 4. Nxd4 Nc6 5. Nc3 Qc7 6. Be2 Nf6 7. O-O Be7 8. Kh1 O-O 9. f4 d6 10. Be3 a6 11. a4 Nxd4 12. Qxd4 Bd7 13. Bg1 e5 14. Qe3 exf4 15. Rxf4 Be6 16. Rd1 Nd7 17. Qg3 Bf6 18. Rf3 Be5 19. Qh4 Rac8 20. Rdf1 Qd8 21. Qe1 Qa5 22. Rd3 Qb4 23. Qd2 Nc5 24. Bxc5 Rxc5 25. Nd5 Qxe4 26. Nf4 Bd7 27. b3 b5 28. axb5 axb5 29. Bd1 Re8 30. Rdf3 Qb7 31. Nd3 Rc7 32. Rxf7 Bc6 33. Nxe5 dxe5 34. R7f2 Rce7 35. Bh5 g6 36. Bg4 e4 37. Qh6 Rf7 38. Rxf7 Qxf7 39. Rxf7 Kxf7 40. Qxh7+ Kf6 41. Qh4+ Ke5 42. Qg5+ Kd6 43. Qxg6+ Kc5 44. Be2 Ra8 45. h4 Ra2 46. Qg5+ Kb6 47. Qe3+ Kb7 48. c4 b4 49. h5 Rc2 50. h6 Rc3 51. Qc5 e3 0-1

[Event "EYCC 2017"]
[Site "Mamaia"]
[Date "2017.09.08"]
[Round "4"]
[White "Maltsevskaya, Aleksandra"]
[Black "Kostecka, Marika"]
[Result "1-0"]
[ECO "B90"]
[WhiteElo "2271"]
[BlackElo "1811"]
[Annotator "NA"]
[PlyCount "63"]
[EventDate "2017.??.??"]
[EventType "swiss"]
[EventCountry "ROU"]
[SourceTitle "playchess.com"]
[Source "ChessBase"]
[SourceQuality "1"]
[TimeControl "40/5400+30:1800+30"]

1. e4 c5 2. Nf3 d6 3. d4 cxd4 4. Nxd4 Nf6 5. Nc3 a6 6. h3 e5 7. Nde2 h5 8. Bg5 Be6 9. g3 Nbd7 10. Bg2 Be7 11. O-O O-O 12. a4 Re8 13. Qd2 Nf8 14. Rad1 Qd7 15. Kh2 N8h7 16. Be3 h4 17. gxh4 Nh5 18. Ng3 N7f6 19. b3 g6 20. a5 Qc6 21. Nce2 Ng7 22. c4 Nfh5 23. Nxh5 Nxh5 24. Ng3 Ng7 25. h5 gxh5 26. Rg1 Kh7 27. Nf5 Bxf5 28. exf5 Qd7 29. Be4 Kh8 30. Rxg7 Kxg7 31. Rg1+ Kh8 32. Qe2 1-0

[Event "EYCC 2017"]
[Site "Mamaia"]
[Date "2017.09.08"]
[Round "4"]
[White "Yeritsyan, Aram"]
[Black "Manafov, Vugar"]
[Result "1-0"]
[ECO "B03"]
[WhiteElo "2264"]
[BlackElo "2204"]
[Annotator "NA"]
[PlyCount "69"]
[EventDate "2017.??.??"]
[EventType "swiss"]
[EventCountry "ROU"]
[SourceTitle "playchess.com"]
[Source "ChessBase"]
[SourceQuality "1"]
[TimeControl "40/5400+30:1800+30"]

1. e4 Nf6 2. e5 Nd5 3. d4 d6 4. c4 Nb6 5. exd6 cxd6 6. Nc3 g6 7. Be3 Bg7 8. Rc1 O-O 9. b3 Bf5 10. Be2 d5 11. c5 Nc8 12. g4 Be6 13. h3 Nc6 14. Nf3 Qd7 15. Ng5 b6 16. Na4 f6 17. cxb6 fxg5 18. Bb5 Qd6 19. b7 Rb8 20. Bxc6 Nb6 21. Nxb6 axb6 22. Qd3 Rf3 23. Qb5 Rbf8 24. Qxb6 Qa3 25. Rc2 Qd6 26. Kd1 Rxh3 27. Rxh3 Bxg4+ 28. Kc1 Bxh3 29. Qc7 Qxc7 30. Bxd5+ e6 31. Rxc7 exd5 32. a4 Re8 33. a5 Bf8 34. Rc6 Bf1 35. Rc8 1-0

[Event "EYCC 2017"]
[Site "Mamaia"]
[Date "2017.09.08"]
[Round "4"]
[White "Afonasieva, Anna"]
[Black "Badelka, Olga"]
[Result "0-1"]
[ECO "E10"]
[WhiteElo "2263"]
[BlackElo "2335"]
[Annotator "NA"]
[PlyCount "72"]
[EventDate "2017.??.??"]
[EventType "swiss"]
[EventCountry "ROU"]
[SourceTitle "playchess.com"]
[Source "ChessBase"]
[SourceQuality "1"]
[TimeControl "40/5400+30:1800+30"]

1. d4 Nf6 2. Nf3 c5 3. d5 e6 4. c4 b5 5. Bg5 b4 6. e4 d6 7. Bd3 Be7 8. O-O h6 9. Bxf6 Bxf6 10. e5 dxe5 11. Qe2 exd5 12. cxd5 Nd7 13. Nbd2 Bb7 14. Rfd1 O-O 15. Ne4 Qb6 16. Ng3 Rfd8 17. Nf5 Bxd5 18. Bc2 Qc6 19. Rxd5 Qxd5 20. Bb3 c4 21. Bxc4 Qc5 22. Qe4 Qf8 23. N3h4 Bxh4 24. Qxh4 Kh8 25. Re1 Rac8 26. Bb3 Nc5 27. h3 e4 28. Re3 Rd3 29. Bc2 Rxe3 30. Nxe3 f5 31. Nd5 Kh7 32. Nxb4 Ne6 33. a3 a5 34. Bb3 axb4 35. Bxe6 Rc1+ 36. Kh2 Qd6+ 0-1

[Event "EYCC 2017"]
[Site "Mamaia"]
[Date "2017.09.08"]
[Round "4"]
[White "Mis, Mieszko"]
[Black "Golding, Alex"]
[Result "1-0"]
[ECO "A10"]
[WhiteElo "2245"]
[BlackElo "2198"]
[Annotator "NA"]
[PlyCount "37"]
[EventDate "2017.??.??"]
[EventType "swiss"]
[EventCountry "ROU"]
[SourceTitle "playchess.com"]
[Source "ChessBase"]
[SourceQuality "1"]
[TimeControl "40/5400+30:1800+30"]

1. c4 g6 2. g3 Bg7 3. Bg2 c6 4. Nc3 e5 5. e4 Ne7 6. Nge2 O-O 7. O-O f5 8. d4 exd4 9. Nxd4 fxe4 10. Nxe4 d5 11. Ng5 Qd6 12. Re1 Be5 13. c5 Qf6 14. Ndf3 Bc7 15. Nxh7 Kxh7 16. Bg5 Qg7 17. Rxe7 Rf7 18. Bf6 Qxf6 19. Rxf7+ 1-0

[Event "EYCC 2017"]
[Site "Mamaia"]
[Date "2017.09.08"]
[Round "4"]
[White "De Boer, Eelke"]
[Black "Schitco, Ivan"]
[Result "1-0"]
[ECO "C84"]
[WhiteElo "2233"]
[BlackElo "2325"]
[Annotator "NA"]
[PlyCount "97"]
[EventDate "2017.??.??"]
[EventType "swiss"]
[EventCountry "ROU"]
[SourceTitle "playchess.com"]
[Source "ChessBase"]
[SourceQuality "1"]
[TimeControl "40/5400+30:1800+30"]

1. e4 e5 2. Nf3 Nc6 3. Bb5 a6 4. Ba4 Nf6 5. O-O Be7 6. d3 b5 7. Bb3 d6 8. a3 O-O 9. Nc3 Na5 10. Ba2 c5 11. b4 cxb4 12. axb4 Nc6 13. Nd5 Nxd5 14. Bxd5 Qc7 15. c3 Be6 16. Qb3 Qd7 17. Be3 Rfb8 18. Ra3 a5 19. Bxe6 Qxe6 20. Qxe6 fxe6 21. bxa5 Rxa5 22. Rxa5 Nxa5 23. Ra1 Bd8 24. Ng5 Bxg5 25. Rxa5 Bxe3 26. fxe3 Kf7 27. Kf2 Rc8 28. Ra3 Ke7 29. Ke2 Rc7 30. Kd2 d5 31. Ra5 Rb7 32. exd5 exd5 33. Kc2 d4 34. exd4 exd4 35. c4 bxc4 36. dxc4 Kf6 37. h4 h6 38. h5 Rb6 39. g4 g6 40. Kd3 gxh5 41. Rxh5 Kg6 42. Kxd4 Rb1 43. Re5 Rd1+ 44. Kc5 Rg1 45. Re4 h5 46. gxh5+ Kxh5 47. Kc6 Kg6 48. c5 Kf6 49. Kc7 1-0

[Event "EYCC 2017"]
[Site "Mamaia"]
[Date "2017.09.08"]
[Round "4"]
[White "Schneider, Jana"]
[Black "Lomandong Noela-Joyce"]
[Result "1-0"]
[ECO "B06"]
[WhiteElo "2231"]
[BlackElo "2040"]
[Annotator "NA"]
[PlyCount "73"]
[EventDate "2017.??.??"]
[EventType "swiss"]
[EventCountry "ROU"]
[SourceTitle "playchess.com"]
[Source "ChessBase"]
[SourceQuality "1"]
[TimeControl "40/5400+30:1800+30"]

1. e4 g6 2. d4 c6 3. Nc3 Bg7 4. Bc4 d5 5. exd5 b5 6. Bb3 b4 7. Na4 cxd5 8. Nc5 Nc6 9. Ba4 Qb6 10. a3 a5 11. axb4 axb4 12. Qd3 Kf8 13. Be3 Nf6 14. Nf3 Bf5 15. Qd1 Ng4 16. Nh4 Nxe3 17. fxe3 Bc8 18. O-O Bf6 19. Qf3 Be6 20. Nxe6+ fxe6 21. Qh3 Nxd4 22. Nxg6+ Kg7 23. Nxh8 Nf5 24. Bd7 Rxh8 25. Qg4+ Kh6 26. Rf3 Bg5 27. Bxe6 Nxe3 28. Qh3+ Kg6 29. Kh1 h5 30. Bf7+ Kg7 31. Qg3 Kh6 32. h4 Ng4 33. hxg5+ Kg7 34. Bxd5 e6 35. Bb3 Kg6 36. Qf4 Rh7 37. Ra8 1-0

[Event "EYCC 2017"]
[Site "Mamaia"]
[Date "2017.09.08"]
[Round "4"]
[White "Mukhutdinov, Tigran"]
[Black "Sjoberg, Isak"]
[Result "1/2-1/2"]
[ECO "C84"]
[WhiteElo "2227"]
[BlackElo "2078"]
[Annotator "NA"]
[PlyCount "93"]
[EventDate "2017.??.??"]
[EventType "swiss"]
[EventCountry "ROU"]
[SourceTitle "playchess.com"]
[Source "ChessBase"]
[SourceQuality "1"]
[TimeControl "40/5400+30:1800+30"]

1. e4 e5 2. Nf3 Nc6 3. Bb5 a6 4. Ba4 Nf6 5. O-O Be7 6. d3 d6 7. c3 O-O 8. Re1 Nd7 9. d4 exd4 10. Nxd4 Nxd4 11. cxd4 b5 12. Bc2 Bb7 13. Nc3 c5 14. dxc5 dxc5 15. Bf4 Re8 16. a4 b4 17. Nd5 Bxd5 18. Qxd5 Nb6 19. Qb7 Nc4 20. Rad1 Qc8 21. Qd5 Nb6 22. Qh5 c4 23. a5 Nd7 24. Ba4 Rd8 25. Be3 g6 26. Qe2 Ne5 27. Bc2 b3 28. Bb1 Bb4 29. Rxd8+ Qxd8 30. Rd1 Qxa5 31. f4 Nd3 32. Bxd3 cxd3 33. Qxd3 Bc5 34. Qxb3 Bxe3+ 35. Qxe3 Rb8 36. e5 Qa2 37. f5 Qa4 38. b3 Qg4 39. Rf1 Re8 40. h3 Qh5 41. e6 fxe6 42. f6 Kf8 43. Qa7 Qh6 44. Qc5+ Kf7 45. Qc7+ Kf8 46. f7 Qe3+ 47. Kh1 1/2-1/2

[Event "EYCC 2017"]
[Site "Mamaia"]
[Date "2017.09.08"]
[Round "4"]
[White "Kubicka, Anna"]
[Black "Rogozenco, Teodora"]
[Result "1-0"]
[ECO "C95"]
[WhiteElo "2221"]
[BlackElo "2024"]
[Annotator "NA"]
[PlyCount "53"]
[EventDate "2017.??.??"]
[EventType "swiss"]
[EventCountry "ROU"]
[SourceTitle "playchess.com"]
[Source "ChessBase"]
[SourceQuality "1"]
[TimeControl "40/5400+30:1800+30"]

1. e4 e5 2. Nf3 Nc6 3. Bb5 a6 4. Ba4 Nf6 5. O-O Be7 6. Re1 b5 7. Bb3 d6 8. c3 O-O 9. h3 Nb8 10. d4 Nbd7 11. c4 c6 12. Qc2 Bb7 13. Nc3 Rc8 14. a3 Qc7 15. Be3 Qb8 16. Ba2 Bd8 17. dxe5 dxe5 18. c5 a5 19. b4 a4 20. Rad1 Be7 21. Ne2 h6 22. Ng3 Rfd8 23. Nf5 Bf8 24. g4 g5 25. Bxg5 hxg5 26. Nxg5 Nd5 27. exd5 1-0

[Event "EYCC 2017"]
[Site "Mamaia"]
[Date "2017.09.08"]
[Round "4"]
[White "Tsvetkov, Andrey"]
[Black "Vilcu, Matei-Stefan"]
[Result "1/2-1/2"]
[ECO "E91"]
[WhiteElo "2219"]
[BlackElo "1977"]
[Annotator "NA"]
[PlyCount "68"]
[EventDate "2017.??.??"]
[EventType "swiss"]
[EventCountry "ROU"]
[SourceTitle "playchess.com"]
[Source "ChessBase"]
[SourceQuality "1"]
[TimeControl "40/5400+30:1800+30"]

1. d4 Nf6 2. Nf3 g6 3. c4 Bg7 4. Nc3 O-O 5. e4 d6 6. Be2 Na6 7. O-O e5 8. Be3 c6 9. d5 c5 10. Ne1 Ne8 11. g4 f5 12. gxf5 gxf5 13. exf5 Bxf5 14. Kh1 Kh8 15. Rg1 Qd7 16. Qd2 Nf6 17. Rg3 Rg8 18. Nf3 Raf8 19. Ng5 Nc7 20. Bd3 a6 21. Rag1 b5 22. b3 b4 23. Nce4 Nh5 24. R3g2 Nf4 25. Bxf4 exf4 26. Qxf4 Be5 27. Qh4 Bg6 28. Ne6 Nxe6 29. dxe6 Qxe6 30. Qh6 Bf5 31. Ng5 Qg6 32. Bxf5 Qxf5 33. Ne6 Rxg2 34. Rxg2 Qb1+ 1/2-1/2

[Event "EYCC 2017"]
[Site "Mamaia"]
[Date "2017.09.08"]
[Round "4"]
[White "Goltseva, Ekaterina"]
[Black "Sliwicka, Alicja"]
[Result "1/2-1/2"]
[ECO "A59"]
[WhiteElo "2214"]
[BlackElo "2230"]
[Annotator "NA"]
[PlyCount "104"]
[EventDate "2017.??.??"]
[EventType "swiss"]
[EventCountry "ROU"]
[SourceTitle "playchess.com"]
[Source "ChessBase"]
[SourceQuality "1"]
[TimeControl "40/5400+30:1800+30"]

1. d4 Nf6 2. c4 c5 3. d5 b5 4. cxb5 a6 5. bxa6 g6 6. Nc3 Bxa6 7. e4 Bxf1 8. Kxf1 d6 9. Nf3 Bg7 10. g3 O-O 11. Kg2 Nbd7 12. a4 Ra6 13. Qc2 Qa8 14. Rd1 Qb7 15. Ra3 Rb8 16. Nb5 Ne8 17. Bd2 Nc7 18. Nxc7 Qxc7 19. b4 Qa7 20. Rb1 cxb4 21. Rxb4 Nc5 22. a5 Ra8 23. Ne1 Qc7 24. Rc4 Qd7 25. Nd3 Nxd3 26. Rxd3 R6a7 27. Rb3 h6 28. Rb6 Kh7 29. Qb1 Bf6 30. Qd3 Bg7 31. Rcc6 f5 32. exf5 Qxf5 33. Qxf5 gxf5 34. Rc4 Kg6 35. Ra4 Ra6 36. Rb7 Bf6 37. Rc4 Rxa5 38. Bxa5 Rxa5 39. h3 Rxd5 40. Rc2 Rd3 41. Re2 Kf7 42. Rc7 d5 43. f4 h5 44. Rcc2 d4 45. Rf2 Rb3 46. Rce2 Ra3 47. Rf3 Ra1 48. Rd3 Rb1 49. Kf3 Rf1+ 50. Rf2 Rh1 51. Rfd2 Rf1+ 52. Kg2 Ra1 1/2-1/2

[Event "EYCC 2017"]
[Site "Mamaia"]
[Date "2017.09.08"]
[Round "4"]
[White "Larkin, Vladyslav"]
[Black "Bjerre, Jonas Buhl"]
[Result "0-1"]
[ECO "A05"]
[WhiteElo "2204"]
[BlackElo "2348"]
[Annotator "NA"]
[PlyCount "155"]
[EventDate "2017.??.??"]
[EventType "swiss"]
[EventCountry "ROU"]
[SourceTitle "playchess.com"]
[Source "ChessBase"]
[SourceQuality "1"]
[TimeControl "40/5400+30:1800+30"]

1. Nf3 Nf6 2. b3 c5 3. c4 e6 4. Bb2 Be7 5. g3 b6 6. Bg2 Bb7 7. O-O O-O 8. d3 d5 9. cxd5 Nxd5 10. Nbd2 Nc6 11. Nc4 Qc7 12. Rc1 Rad8 13. Qc2 Qb8 14. Qb1 Bf6 15. Ne3 Bxb2 16. Qxb2 Nxe3 17. fxe3 Ne7 18. Rc4 Nf5 19. Qc1 Nd6 20. Rf4 f6 21. Ne1 e5 22. R4f2 e4 23. d4 Qc8 24. Nc2 c4 25. Na3 cxb3 26. axb3 Qxc1 27. Rxc1 Rc8 28. Rff1 Bd5 29. Nc4 Nxc4 30. bxc4 Bxc4 31. Bxe4 Bxe2 32. Bd5+ Kh8 33. Be6 Rce8 34. Rfe1 Rxe6 35. Rxe2 Re7 36. Kf2 Kg8 37. Ra2 Rb7 38. Rca1 Rff7 39. Ke2 Rfc7 40. Kd3 Kf7 41. Rb2 Ke7 42. Rb5 Ke6 43. Rb2 Kd6 44. Rb5 g6 45. Rb2 f5 46. Rb5 Rc6 47. Rb2 Rbc7 48. Rba2 Rc3+ 49. Kd2 Rb3 50. Rxa7 Rb2+ 51. Kd3 Rxa7 52. Rxa7 Rxh2 53. e4 fxe4+ 54. Kxe4 Re2+ 55. Kf3 Re7 56. Ra3 Kd5 57. Rb3 Re6 58. Rb4 h6 59. Kf4 h5 60. Kg5 Ke4 61. g4 hxg4 62. Kxg4 Rd6 63. Kg5 Kd3 64. Kh6 Kc3 65. Rb1 Kxd4 66. Rd1+ Kc5 67. Rc1+ Kb4 68. Rb1+ Kc3 69. Kg5 Rd5+ 70. Kf4 b5 71. Ke4 Rd4+ 72. Ke3 b4 73. Rc1+ Kb2 74. Rc6 Rg4 75. Kd2 b3 76. Kd3 g5 77. Rb6 Rg3+ 78. Kd4 0-1

[Event "EYCC 2017"]
[Site "Mamaia"]
[Date "2017.09.08"]
[Round "4"]
[White "Oglaza, Oskar"]
[Black "Spizharny, Mikhail"]
[Result "1-0"]
[ECO "B43"]
[WhiteElo "2198"]
[BlackElo "1972"]
[Annotator "NA"]
[PlyCount "93"]
[EventDate "2017.??.??"]
[EventType "swiss"]
[EventCountry "ROU"]
[SourceTitle "playchess.com"]
[Source "ChessBase"]
[SourceQuality "1"]
[TimeControl "40/5400+30:1800+30"]

1. e4 c5 2. Nf3 e6 3. d4 cxd4 4. Nxd4 a6 5. Nc3 b5 6. g4 b4 7. Nce2 Bb7 8. Bg2 d5 9. e5 Nd7 10. f4 h5 11. gxh5 Rxh5 12. Ng3 Rh8 13. Qe2 g6 14. Bf3 Bc5 15. Be3 Ne7 16. O-O-O Qc7 17. h4 O-O-O 18. h5 gxh5 19. Bxh5 Rhf8 20. Rhf1 Nb6 21. Bxf7 Rxf7 22. Nxe6 Bxe3+ 23. Qxe3 Nc4 24. Qb3 Qc6 25. Nxd8 Kxd8 26. e6 Qxe6 27. Qxc4 Qe3+ 28. Kb1 Qxg3 29. Qxb4 Nc8 30. Qc5 Qg6 31. Rg1 Qd6 32. Rg8+ Kd7 33. Rxc8 Qxf4 34. Rh8 Qf1 35. Rh1 Qb5 36. Qe3 Re7 37. Qg3 a5 38. Rh6 Qb4 39. a3 Qc5 40. Qb8 Bc8 41. Rh5 Qc4 42. Rdxd5+ Ke8 43. Rh8+ Kf7 44. Rh7+ Kf6 45. Qd6+ Re6 46. Qf8+ Kg6 47. Rh6# 1-0

[Event "EYCC 2017"]
[Site "Mamaia"]
[Date "2017.09.08"]
[Round "4"]
[White "Rozman, Monika"]
[Black "Avetisyan, Mariam"]
[Result "0-1"]
[ECO "B15"]
[WhiteElo "2194"]
[BlackElo "1976"]
[Annotator "NA"]
[PlyCount "78"]
[EventDate "2017.??.??"]
[EventType "swiss"]
[EventCountry "ROU"]
[SourceTitle "playchess.com"]
[Source "ChessBase"]
[SourceQuality "1"]
[TimeControl "40/5400+30:1800+30"]

1. e4 c6 2. d4 d5 3. Nc3 dxe4 4. Nxe4 Nf6 5. Nxf6+ exf6 6. Nf3 Bd6 7. Bd3 O-O 8. O-O Bg4 9. h3 Bh5 10. Be3 Nd7 11. c4 Re8 12. Rc1 Qc7 13. Bf5 Rad8 14. Bg4 Bxg4 15. hxg4 Bf4 16. Bd2 Nf8 17. Rc2 Bxd2 18. Qxd2 Qd7 19. Qb4 Ne6 20. Rd2 Nf4 21. Nh2 Re4 22. g3 Rxd4 23. Rxd4 Ne2+ 24. Kg2 Nxd4 25. Rd1 b6 26. Qc3 c5 27. Nf3 Qxg4 28. b4 h5 29. bxc5 bxc5 30. Rd3 Rd7 31. Qe1 Qe6 32. Re3 Qc6 33. Rd3 Rd6 34. Qb1 Qa8 35. Kf1 Nxf3 36. Rxf3 Re6 37. Kg2 g5 38. Qf5 g4 39. Kf1 Qxf3 0-1

[Event "EYCC 2017"]
[Site "Mamaia"]
[Date "2017.09.08"]
[Round "4"]
[White "Gorshtein, Ido"]
[Black "Parkhov, Yair"]
[Result "0-1"]
[ECO "A36"]
[WhiteElo "2189"]
[BlackElo "2391"]
[Annotator "NA"]
[PlyCount "74"]
[EventDate "2017.??.??"]
[EventType "swiss"]
[EventCountry "ROU"]
[SourceTitle "playchess.com"]
[Source "ChessBase"]
[SourceQuality "1"]
[TimeControl "40/5400+30:1800+30"]

1. c4 c5 2. Nc3 g6 3. g3 Bg7 4. Bg2 Nc6 5. e3 e5 6. Nge2 Nge7 7. O-O O-O 8. a3 d6 9. d3 a6 10. Rb1 Rb8 11. b4 cxb4 12. axb4 b5 13. Nd5 bxc4 14. Nxe7+ Nxe7 15. dxc4 Be6 16. Bd5 Nxd5 17. cxd5 Bh3 18. Re1 Qc8 19. f3 Bf5 20. Rb2 Qb7 21. g4 Bd7 22. Ng3 Kh8 23. Kh1 Bb5 24. h4 f5 25. gxf5 gxf5 26. e4 f4 27. Nf5 Rxf5 28. exf5 Bc4 29. Rd2 Qf7 30. Re4 Bb5 31. Rg2 Qxf5 32. Kg1 Bf6 33. Qe1 Bd3 34. b5 axb5 35. Rb4 Bc4 36. Qe4 Qxe4 37. fxe4 Bxh4 0-1